TOP OF THE 1ST |
Orlando Calrissian batting - Pitching for Nassau Rockets : LHP Esteban Baca
|
Pitching: LHP Esteban Baca
|
|
Batting: RHB Jorge Rodríguez
|
0-0: Swinging Strike 0-1: Called Strike 0-2: Ball 1-2: Ball 2-2: Strikes out looking
|
Batting: LHB Bryan Foster
|
0-0: Fly out, F2 (Popup, 15S)
|
Batting: LHB Santiago Márquez
|
0-0: Ball 1-0: Called Strike 1-1: Swinging Strike 1-2: Strikes out looking
|
Top of the 1st over - 0 run(s), 0 hit(s), 0 error(s), 0 left on base; Orlando 0 - Nassau 0 |
BOTTOM OF THE 1ST |
Nassau Rockets batting - Pitching for Orlando Calrissian : LHP Gustavo Molina
|
Pitching: LHP Gustavo Molina
|
|
Batting: RHB José Hernández
|
0-0: Ball 1-0: Ground out 4-3 (Groundball, 4)
|
Batting: RHB Ed Sims
|
0-0: Ball 1-0: SINGLE (Line Drive, 34D)
|
Batting: RHB Felipe Rivera
|
0-0: Foul Ball, location: 2F 0-1: Ball 1-1: Ball 2-1: Ball 3-1: Foul Ball, location: 2F 3-2: Ground out 6-3 (Groundball, 6) Ed Sims to second
|
Batting: LHB Alden Lindsey
|
0-0: Ball 1-0: Ground out U3 (Groundball, 3)
|
Bottom of the 1st over - 0 run(s), 1 hit(s), 0 error(s), 1 left on base; Orlando 0 - Nassau 0 |
TOP OF THE 2ND |
Orlando Calrissian batting - Pitching for Nassau Rockets : LHP Esteban Baca
|
Batting: RHB Rich Anderson
|
0-0: Called Strike 0-1: Ball 1-1: Ball 2-1: Fly out, F8 (Flyball, 8LM)
|
Batting: RHB Jesús Maes
|
0-0: Fly out, F9 (Flyball, 8RS)
|
Batting: LHB Rubén Díaz
|
0-0: Called Strike 0-1: Ball 1-1: Foul Ball, location: 2F 1-2: Foul Ball, location: 2F 1-2: Foul Ball, location: 2F 1-2: Ball 2-2: Ball 3-2: Foul Ball, location: 2F 3-2: Base on Balls
|
Batting: RHB Dave Mullen
|
0-0: SINGLE (Line Drive, 4MD) Rubén Díaz to second Runner from 2nd tries for 3rd, SAFE, throw made to third
|
Batting: RHB Raúl Canó
|
0-0: Ball 1-0: Ball 2-0: Called Strike 2-1: Fly out, F6 (Popup, 56)
|
Top of the 2nd over - 0 run(s), 1 hit(s), 0 error(s), 2 left on base; Orlando 0 - Nassau 0 |
BOTTOM OF THE 2ND |
Nassau Rockets batting - Pitching for Orlando Calrissian : LHP Gustavo Molina
|
Batting: SHB Dave MacThomas
|
0-0: Ball 1-0: Ball 2-0: Ball 3-0: Called Strike 3-1: Ground out 3-1 (Groundball, 34)
|
Batting: LHB Jarred Jackson
|
0-0: Ground out U3 (Groundball, 3S)
|
Batting: RHB Carlos MacKinney
|
0-0: Ball 1-0: Foul Ball, location: 2F 1-1: Ball 2-1: SINGLE (Line Drive, 89M)
|
Batting: RHB Vern Carlton
|
0-0: Ball 1-0: Fly out, F8 (Flyball, 8RM)
|
Bottom of the 2nd over - 0 run(s), 1 hit(s), 0 error(s), 1 left on base; Orlando 0 - Nassau 0 |
TOP OF THE 3RD |
Orlando Calrissian batting - Pitching for Nassau Rockets : LHP Esteban Baca
|
Batting: RHB Eugene Gill
|
0-0: Foul Ball, location: 2F 0-1: Foul Ball, location: 2F 0-2: Ball 1-2: Ball 2-2: Ball 3-2: Foul Ball, location: 2F 3-2: SINGLE (Line Drive, 34D)
|
Batting: RHB Jorge Rodríguez
|
0-0: Ball 1-0: Grounds into double play, 6-4-3 (Groundball, 6)
|
Batting: LHB Bryan Foster
|
0-0: Called Strike 0-1: DOUBLE (Line Drive, 89D)
|
Batting: LHB Santiago Márquez
|
0-0: Swinging Strike 0-1: Ball 1-1: Called Strike 1-2: Foul Ball, location: 2F 1-2: Ball 2-2: Ground out 6-3 (Groundball, 6)
|
Top of the 3rd over - 0 run(s), 2 hit(s), 0 error(s), 1 left on base; Orlando 0 - Nassau 0 |
BOTTOM OF THE 3RD |
Nassau Rockets batting - Pitching for Orlando Calrissian : LHP Gustavo Molina
|
Batting: LHB Rafael Delgado
|
0-0: Bunted foul 0-1: Foul Ball, location: 2F 0-2: Ball 1-2: Ball 2-2: Strikes out swinging
|
Batting: RHB José Hernández
|
0-0: Called Strike 0-1: Foul Ball, location: 2F 0-2: Ball 1-2: SINGLE (Line Drive, 4M)
|
Batting: RHB Ed Sims
|
0-0: Ball 1-0: SINGLE (Groundball, 4MD) José Hernández to second Runner from 2nd tries for 3rd, SAFE, throw made to third
|
Batting: RHB Felipe Rivera
|
0-0: Called Strike 0-1: Called Strike 0-2: Ball 1-2: Ball 2-2: Fly out, F9 (Flyball, 9D) Runner from 3rd tags up, SCORES, no throw
|
Batting: LHB Alden Lindsey
|
0-0: Ball 1-0: Ball 2-0: Ball 3-0: Base on Balls Ed Sims to second
|
Batting: SHB Dave MacThomas
|
0-0: Called Strike 0-1: Ground out 5-3 (Groundball, 5)
|
Bottom of the 3rd over - 1 run(s), 2 hit(s), 0 error(s), 2 left on base; Orlando 0 - Nassau 1 |
TOP OF THE 4TH |
Orlando Calrissian batting - Pitching for Nassau Rockets : LHP Fred Martin
|
Pitching: LHP Fred Martin
|
|
Batting: RHB Rich Anderson
|
0-0: Called Strike 0-1: Ball 1-1: Ground out 5-3 (Groundball, 56S)
|
Batting: RHB Jesús Maes
|
0-0: Ball 1-0: Called Strike 1-1: Ball 2-1: Ball 3-1: Fly out, F6 (Popup, 6)
|
Batting: LHB Rubén Díaz
|
0-0: Ball 1-0: Ball 2-0: Ball 3-0: Called Strike 3-1: Foul Ball, location: 2F 3-2: Ground out 3-1 (Groundball, 34S)
|
Top of the 4th over - 0 run(s), 0 hit(s), 0 error(s), 0 left on base; Orlando 0 - Nassau 1 |
BOTTOM OF THE 4TH |
Nassau Rockets batting - Pitching for Orlando Calrissian : LHP Gustavo Molina
|
Batting: LHB Jarred Jackson
|
0-0: Fly out, F7 (Line Drive, 7D)
|
Batting: RHB Carlos MacKinney
|
0-0: Ball 1-0: Swinging Strike 1-1: Ball 2-1: Foul Ball, location: 2F 2-2: Fly out, F9 (Line Drive, 9LD)
|
Batting: RHB Vern Carlton
|
0-0: Ball 1-0: Called Strike 1-1: Ball 2-1: Foul Ball, location: 2F 2-2: SINGLE (Line Drive, 7LS)
|
Batting: LHB Rafael Delgado
|
0-0: Called Strike 0-1: Ball 1-1: Ball 2-1: SINGLE (Groundball, 5D) Vern Carlton to second
|
Batting: RHB José Hernández
|
0-0: Ball 1-0: Called Strike 1-1: Ball 2-1: Fly out, F8 (Flyball, 8RXD)
|
Bottom of the 4th over - 0 run(s), 2 hit(s), 0 error(s), 2 left on base; Orlando 0 - Nassau 1 |
TOP OF THE 5TH |
Orlando Calrissian batting - Pitching for Nassau Rockets : LHP Fred Martin
|
Batting: RHB Dave Mullen
|
0-0: Ball 1-0: Ground out 5-3 (Groundball, 56)
|
Batting: RHB Raúl Canó
|
0-0: Ball 1-0: Swinging Strike 1-1: Foul Ball, location: 2F 1-2: Foul Ball, location: 2F 1-2: Fly out, F9 (Line Drive, 89D)
|
Batting: RHB Eugene Gill
|
0-0: Called Strike 0-1: Ball 1-1: Ball 2-1: Ball 3-1: Called Strike 3-2: Foul Ball, location: 2F 3-2: Foul Ball, location: 2F 3-2: Base on Balls
|
Batting: RHB Jorge Rodríguez
|
0-0: Called Strike 0-1: Foul Ball, location: 2F 0-2: 2-RUN HOME RUN (Line Drive, 78XD), Distance : 395 ft
|
Batting: LHB Bryan Foster
|
0-0: Ball 1-0: Ball 2-0: Fly out, F8 (Flyball, 8RD)
|
Top of the 5th over - 2 run(s), 1 hit(s), 0 error(s), 0 left on base; Orlando 2 - Nassau 1 |
BOTTOM OF THE 5TH |
Nassau Rockets batting - Pitching for Orlando Calrissian : LHP Gustavo Molina
|
Batting: RHB Ed Sims
|
0-0: Ball 1-0: Bunt for hit - play at first, batter OUT! 5-3
|
Batting: RHB Felipe Rivera
|
0-0: Ball 1-0: Fly out, F7 (Line Drive, 7D)
|
Batting: LHB Alden Lindsey
|
0-0: Ball 1-0: Ball 2-0: Ball 3-0: Base on Balls
|
Batting: SHB Dave MacThomas
|
0-0: Ball 1-0: Called Strike 1-1: Swinging Strike 1-2: Foul Ball, location: 2F 1-2: Ball 2-2: SINGLE (Groundball, 4MD) Alden Lindsey to second
|
Batting: LHB Jarred Jackson
|
0-0: Ball 1-0: Called Strike 1-1: Foul Ball, location: 2F 1-2: Ball 2-2: Fly out, F7 (Line Drive, 7S)
|
Bottom of the 5th over - 0 run(s), 1 hit(s), 0 error(s), 2 left on base; Orlando 2 - Nassau 1 |
TOP OF THE 6TH |
Orlando Calrissian batting - Pitching for Nassau Rockets : LHP Fred Martin
|
Batting: LHB Santiago Márquez
|
0-0: Ball 1-0: Swinging Strike 1-1: Foul Ball, location: 2F 1-2: Fly out, F9 (Flyball, 89D)
|
Batting: RHB Rich Anderson
|
0-0: DOUBLE (Flyball, 7LD)
|
Batting: RHB Jesús Maes
|
0-0: Called Strike 0-1: Called Strike 0-2: Ground out 4-3 (Groundball, 34D) Rich Anderson to third
|
Batting: LHB Rubén Díaz
|
0-0: SINGLE (Line Drive, 6D) Rich Anderson scores
|
Pitching: RHP José García
|
|
Batting: RHB Dave Mullen
|
0-0: Ball 1-0: Ball 2-0: Ball 3-0: Called Strike 3-1: Foul Ball, location: 2F 3-2: Ground out 6-3 (Groundball, 6)
|
Top of the 6th over - 1 run(s), 2 hit(s), 0 error(s), 1 left on base; Orlando 3 - Nassau 1 |
BOTTOM OF THE 6TH |
Nassau Rockets batting - Pitching for Orlando Calrissian : LHP Gustavo Molina
|
Batting: RHB Carlos MacKinney
|
0-0: Foul Ball, location: 2F 0-1: Ball 1-1: DOUBLE (Flyball, 78D)
|
Batting: RHB Vern Carlton
|
0-0: Ball 1-0: Ball 2-0: Foul Ball, location: 2F 2-1: Ball 3-1: Base on Balls
|
Pitching: RHP Josh Graham
|
|
Batting: LHB Rafael Delgado
|
0-0: Swinging Strike 0-1: Ball 1-1: Ball 2-1: SINGLE (Line Drive, 4D) Carlos MacKinney to third Vern Carlton to second
|
Batting: RHB José Hernández
|
0-0: Ball 1-0: Foul Ball, location: 2F 1-1: Called Strike 1-2: Strikes out looking
|
Batting: RHB Ed Sims
|
0-0: Called Strike 0-1: Ground out 4-3 (Groundball, 4M) Carlos MacKinney scores Vern Carlton to third Rafael Delgado to second
|
Batting: RHB Felipe Rivera
|
0-0: Ball 1-0: Called Strike 1-1: Ground out 5-3 (Groundball, 56)
|
Bottom of the 6th over - 1 run(s), 2 hit(s), 0 error(s), 2 left on base; Orlando 3 - Nassau 2 |
TOP OF THE 7TH |
Orlando Calrissian batting - Pitching for Nassau Rockets : RHP José García
|
Batting: RHB Raúl Canó
|
0-0: Fly out, F6 (Popup, 56D)
|
Batting: RHB Eugene Gill
|
0-0: Called Strike 0-1: Fly out, F4 (Popup, 34D)
|
Batting: RHB Jorge Rodríguez
|
0-0: Ball 1-0: Swinging Strike 1-1: Ball 2-1: Foul Ball, location: 2F 2-2: Ball 3-2: Foul Ball, location: 2F 3-2: Strikes out looking
|
Top of the 7th over - 0 run(s), 0 hit(s), 0 error(s), 0 left on base; Orlando 3 - Nassau 2 |
BOTTOM OF THE 7TH |
Nassau Rockets batting - Pitching for Orlando Calrissian : RHP Josh Graham
|
Batting: LHB Alden Lindsey
|
0-0: Fly out, F7 (Flyball, 78M)
|
Batting: SHB Dave MacThomas
|
0-0: Foul Ball, location: 2F 0-1: Ball 1-1: Fly out, F5 (Line Drive, 5)
|
Batting: LHB Jarred Jackson
|
0-0: Ball 1-0: Ball 2-0: Fly out, F6 (Popup, 6)
|
Bottom of the 7th over - 0 run(s), 0 hit(s), 0 error(s), 0 left on base; Orlando 3 - Nassau 2 |
TOP OF THE 8TH |
Orlando Calrissian batting - Pitching for Nassau Rockets : RHP José García
|
Batting: LHB Bryan Foster
|
0-0: Ground out 4-3 (Groundball, 4M)
|
Batting: LHB Santiago Márquez
|
0-0: Ground out U3 (Groundball, 3L)
|
Batting: RHB Rich Anderson
|
0-0: Ball 1-0: Called Strike 1-1: Ball 2-1: SINGLE (Groundball, 6D)
|
Pinch Hitting: SHB Tim Abbott
|
0-0: Foul Ball, location: 2F 0-1: 2-RUN HOME RUN (Line Drive, 9D), Distance : 351 ft
|
Batting: LHB Rubén Díaz
|
0-0: Swinging Strike 0-1: Foul Ball, location: 2F 0-2: Foul Ball, location: 2F 0-2: Foul Ball, location: 2F 0-2: Foul Ball, location: 2F 0-2: Ball 1-2: Ball 2-2: Ground out U3 (Groundball, 3S)
|
Top of the 8th over - 2 run(s), 2 hit(s), 0 error(s), 0 left on base; Orlando 5 - Nassau 2 |
BOTTOM OF THE 8TH |
Nassau Rockets batting - Pitching for Orlando Calrissian : RHP Josh Graham
|
Pitching: LHP Mark Murchison
|
|
Now at 1B: Tim Abbott
|
|
Batting: RHB Carlos MacKinney
|
0-0: Ball 1-0: Fly out, F6 (Line Drive, 6)
|
Batting: RHB Vern Carlton
|
0-0: Ball 1-0: Ground out 4-3 (Groundball, 4)
|
Batting: LHB Rafael Delgado
|
0-0: Ball 1-0: Ball 2-0: Ball 3-0: Base on Balls
|
Pitching: RHP Yodo Nishikawa
|
|
Batting: RHB José Hernández
|
0-0: Foul Ball, location: 2F 0-1: Ball 1-1: Ball 2-1: SINGLE (Line Drive, 8LS) Rafael Delgado to second
|
Batting: RHB Ed Sims
|
0-0: Called Strike 0-1: Foul Ball, location: 2F 0-2: Foul Ball, location: 2F 0-2: Ball 1-2: Ground out 5-3 (Groundball, 56)
|
Bottom of the 8th over - 0 run(s), 1 hit(s), 0 error(s), 2 left on base; Orlando 5 - Nassau 2 |
TOP OF THE 9TH |
Orlando Calrissian batting - Pitching for Nassau Rockets : RHP José García
|
Batting: RHB Dave Mullen
|
0-0: Called Strike 0-1: Ball 1-1: Ball 2-1: Fly out, F6 (Line Drive, 6)
|
Batting: RHB Raúl Canó
|
0-0: Ball 1-0: Fly out, F7 (Flyball, 78XD)
|
Batting: RHB Eugene Gill
|
0-0: Called Strike 0-1: SOLO HOME RUN (Line Drive, 8LXD), Distance : 437 ft
|
Pitching: RHP Augusto Muñíz
|
|
Batting: RHB Jorge Rodríguez
|
0-0: Called Strike 0-1: Called Strike 0-2: Foul Ball, location: 2F 0-2: Strikes out swinging
|
Top of the 9th over - 1 run(s), 1 hit(s), 0 error(s), 0 left on base; Orlando 6 - Nassau 2 |
BOTTOM OF THE 9TH |
Nassau Rockets batting - Pitching for Orlando Calrissian : RHP Yodo Nishikawa
|
Batting: RHB Felipe Rivera
|
0-0: Swinging Strike 0-1: Swinging Strike 0-2: Strikes out swinging
|
Batting: LHB Alden Lindsey
|
0-0: Foul Ball, location: 2F 0-1: Ball 1-1: Foul Ball, location: 2F 1-2: Ball 2-2: Ball 3-2: Ground out 6-3 (Groundball, 6)
|
Batting: SHB Dave MacThomas
|
0-0: Ball 1-0: Ground out U3 (Groundball, 3)
|
Bottom of the 9th over - 0 run(s), 0 hit(s), 0 error(s), 0 left on base; Orlando 6 - Nassau 2 |
|